[ AOE2 MATCH · #480145999 ]
UnrankedChinese vs Magyars
[ REPLAY ANALYSIS · EXTRACTED FROM THE RECORDED GAME ]
Feudal
13:47
Castle
19:43
Imperial
37:39
| APM avg | 47.9 |
| APM peak | 98 |
| eAPM avg | 25.5 |
| Villagers / military | 150 / 326 |
Focus
⚔️ 44.3% · 🌾 55.7%
Knight ×118 · Scout Cavalry ×111 · Chu Ko Nu ×50 · Skirmisher ×41 · Fishing Ship ×17 · Unknown (2626) ×9
Feudal
15:29
Castle
19:52
Imperial
47:21
| APM avg | 30.2 |
| APM peak | 63 |
| eAPM avg | 16.4 |
| Villagers / military | 143 / 81 |
Focus
⚔️ 21.9% · 🌾 78.1%
Archer ×44 · Spearman ×19 · Fishing Ship ×10 · Skirmisher ×9 · Trebuchet (Packed) ×5 · Mangonel ×4
Feudal
14:31
Castle
24:35
Imperial
51:18
| APM avg | 22.5 |
| APM peak | 41 |
| eAPM avg | 14.3 |
| Villagers / military | 137 / 188 |
Focus
⚔️ 30.3% · 🌾 69.7%
Archer ×95 · Skirmisher ×92 · Fishing Ship ×8 · Mangonel ×1
Feudal
13:12
Castle
19:52
Imperial
28:41
| APM avg | 39.3 |
| APM peak | 97 |
| eAPM avg | 21.4 |
| Villagers / military | 140 / 180 |
Focus
⚔️ 42.4% · 🌾 57.6%
Elephant Archer ×91 · Fishing Ship ×23 · Battle Elephant ×20 · Bombard Cannon ×14 · Urumi Swordsman ×13 · Skirmisher ×11
Feudal
13:02
Castle
30:17
Imperial
—
| APM avg | 32.7 |
| APM peak | 67 |
| eAPM avg | 20.9 |
| Villagers / military | 160 / 18 |
Focus
⚔️ 22.0% · 🌾 78.0%
Mangonel ×11 · Fishing Ship ×7 · Battering Ram ×7
Feudal
14:12
Castle
22:19
Imperial
51:45
| APM avg | 55.4 |
| APM peak | 145 |
| eAPM avg | 19.2 |
| Villagers / military | 155 / 86 |
Focus
⚔️ 24.0% · 🌾 76.0%
Archer ×76 · Mangonel ×7 · Fishing Ship ×6 · Spearman ×3
Feudal
14:06
Castle
30:07
Imperial
—
| APM avg | 21.2 |
| APM peak | 57 |
| eAPM avg | 8.4 |
| Villagers / military | 84 / 8 |
Focus
⚔️ 13.2% · 🌾 86.8%
Archer ×6 · Trade Cog ×5 · Fishing Ship ×4 · Spearman ×2
Feudal
14:44
Castle
18:18
Imperial
39:43
| APM avg | 41.1 |
| APM peak | 95 |
| eAPM avg | 22.8 |
| Villagers / military | 210 / 395 |
Focus
⚔️ 39.6% · 🌾 60.4%
Coustillier ×384 · Fishing Ship ×12 · Trebuchet (Packed) ×7 · Mangonel ×4
Match map
Initial resources + every placement click. Lines = walls · curves = elevation contours. ◆ gold · ⬟ stone · ● berries · ✦ relic · ◌ wall gap
Your base· Open — 15t gap
TigerBitePig's base· Open — unwalled flank
Jam Donut's base· ✓ Closed at 24:35 · 30t walls · no gate
DGKR5507's base· Open — 14t gap
le Nain Becile's base· Open — 4t gap
大折跃's base· Open — unwalled flank
绾璆丶's base· Open — unwalled flank
Titan's base· Open — 10t gap
Smoothed initial terrain · ◌ = detected wall gap · hover for details
Inputs per minute
— Kill Line - - TigerBitePig
Build order — Kill Line
First 150 of 688 actions detected
| 1:14 | Build | Town Center |
| 1:30 | Build | Dock |
| 3:28 | Research | Loom |
| 4:05 | Create | Villager (Male) |
| 4:10 | Create | Fishing Ship |
| 5:23 | Create | Villager (Male) |
| 5:23 | Create | Villager (Male) |
| 5:23 | Create | Villager (Male) |
| 5:34 | Create | Fishing Ship |
| 5:34 | Create | Fishing Ship |
| 5:49 | Create | Villager (Male) |
| 6:22 | Create | Villager (Male) |
| 6:23 | Create | Villager (Male) |
| 6:32 | Build | House |
| 7:05 | Create | Villager (Male) |
| 7:06 | Create | Villager (Male) |
| 7:06 | Create | Villager (Male) |
| 7:10 | Create | Fishing Ship |
| 7:49 | Create | Fishing Ship |
| 7:49 | Create | Fishing Ship |
| 7:56 | Build | House |
| 8:35 | Create | Villager (Male) |
| 8:36 | Create | Villager (Male) |
| 8:44 | Create | Fishing Ship |
| 8:45 | Create | Fishing Ship |
| 9:25 | Create | Villager (Male) |
| 9:38 | Build | Dock |
| 9:49 | Create | Fishing Ship |
| 9:49 | Create | Fishing Ship |
| 10:05 | Build | House |
| 10:06 | Build | Palisade Wall |
| 10:10 | Create | Villager (Male) |
| 10:32 | Create | Villager (Male) |
| 10:36 | Build | Lumber Camp |
| 10:48 | Create | Villager (Male) |
| 11:34 | Build | Mining Camp |
| 11:37 | Research | Feudal Age |
| 12:16 | Build | Lumber Camp |
| 12:27 | Build | House |
| 12:34 | Create | Fishing Ship |
| 12:34 | Create | Fishing Ship |
| 12:41 | Build | House |
| 12:53 | Build | Palisade Wall |
| 13:07 | Create | Villager (Male) |
| 13:07 | Create | Villager (Male) |
| 13:16 | Build | House |
| 13:17 | Build | Palisade Wall |
| 13:26 | Build | Palisade Wall |
| 13:37 | Create | Fishing Ship |
| 13:37 | Create | Fishing Ship |
| 13:47 | Age | Feudal Age |
| 14:07 | Build | Blacksmith |
| 14:10 | Build | Palisade Wall |
| 14:42 | Create | Villager (Male) |
| 14:43 | Create | Villager (Male) |
| 14:43 | Create | Villager (Male) |
| 14:48 | Build | Barracks |
| 15:08 | Build | House |
| 15:16 | Research | Tech 906 |
| 15:26 | Build | House |
| 15:57 | Build | Stable |
| 16:02 | Create | Villager (Male) |
| 16:04 | Create | Villager (Male) |
| 16:15 | Research | Double-Bit Axe |
| 17:03 | Research | Castle Age |
| 17:03 | Research | Castle Age |
| 17:26 | Build | Dock |
| 17:39 | Build | Fish Trap |
| 17:40 | Build | Fish Trap |
| 17:54 | Create | Fishing Ship |
| 17:54 | Create | Fishing Ship |
| 17:54 | Create | Fishing Ship |
| 18:07 | Build | Fish Trap |
| 18:09 | Build | Fish Trap |
| 18:35 | Build | Fish Trap |
| 18:41 | Build | Fish Trap |
| 18:57 | Build | Fish Trap |
| 19:06 | Build | Fish Trap |
| 19:07 | Build | Fish Trap |
| 19:13 | Research | Bloodlines |
| 19:15 | Research | Scale Barding Armor |
| 19:15 | Research | Scale Barding Armor |
| 19:43 | Age | Castle Age |
| 19:54 | Research | War Galley (upgrade) |
| 19:57 | Create | Unit 2626 |
| 19:57 | Create | Unit 2626 |
| 19:57 | Create | Unit 2626 |
| 20:01 | Build | House |
| 20:15 | Research | Husbandry |
| 20:18 | Create | Villager (Male) |
| 20:18 | Create | Villager (Male) |
| 20:23 | Build | Town Center |
| 20:36 | Build | House |
| 20:42 | Create | Knight |
| 20:49 | Create | Villager (Male) |
| 20:49 | Create | Villager (Male) |
| 21:07 | Create | Unit 2626 |
| 21:07 | Create | Unit 2626 |
| 21:27 | Build | Fish Trap |
| 21:36 | Create | Villager (Male) |
| 21:36 | Create | Villager (Male) |
| 21:37 | Create | Villager (Male) |
| 21:52 | Create | Villager (Male) |
| 22:00 | Create | Unit 2626 |
| 22:01 | Create | Unit 2626 |
| 22:27 | Create | Villager (Male) |
| 22:27 | Create | Villager (Male) |
| 22:43 | Build | Town Center |
| 22:46 | Create | Villager (Male) |
| 22:46 | Create | Villager (Male) |
| 23:06 | Create | Trade Cog |
| 23:07 | Create | Trade Cog |
| 23:19 | Build | Palisade Wall |
| 23:42 | Build | Fish Trap |
| 23:52 | Create | Unit 2626 |
| 23:52 | Create | Unit 2626 |
| 23:56 | Create | Villager (Male) |
| 23:56 | Create | Villager (Male) |
| 23:58 | Research | Scale Mail Armor |
| 24:07 | Build | Mill |
| 24:10 | Create | Villager (Male) |
| 24:11 | Create | Villager (Male) |
| 24:11 | Create | Villager (Male) |
| 24:21 | Build | Fish Trap |
| 24:39 | Build | House |
| 24:55 | Build | Fish Trap |
| 25:06 | Build | Fish Trap |
| 25:09 | Build | Fish Trap |
| 25:24 | Create | Knight |
| 25:25 | Create | Knight |
| 25:27 | Create | Villager (Male) |
| 25:27 | Create | Villager (Male) |
| 25:27 | Create | Villager (Male) |
| 25:27 | Create | Villager (Male) |
| 25:28 | Create | Villager (Male) |
| 25:28 | Create | Villager (Male) |
| 25:28 | Create | Villager (Male) |
| 25:28 | Create | Villager (Male) |
| 25:38 | Build | Farm |
| 25:57 | Create | Villager (Male) |
| 25:58 | Create | Knight |
| 26:08 | Build | Farm |
| 26:09 | Build | Farm |
| 26:09 | Build | Farm |
| 26:09 | Build | Farm |
| 26:09 | Build | Farm |
| 26:10 | Build | Farm |
| 26:10 | Build | Farm |
| 26:13 | Build | Farm |
| 26:14 | Build | Farm |
Build order — TigerBitePig
First 150 of 350 actions detected
| 0:41 | Build | Town Center |
| 1:48 | Build | House |
| 2:40 | Build | House |
| 2:54 | Create | Villager (Male) |
| 2:54 | Create | Villager (Male) |
| 2:55 | Create | Villager (Male) |
| 2:55 | Create | Villager (Male) |
| 3:03 | Build | House |
| 3:51 | Research | Loom |
| 4:49 | Build | House |
| 5:39 | Create | Villager (Male) |
| 5:39 | Create | Villager (Male) |
| 5:50 | Build | Dock |
| 6:16 | Create | Villager (Male) |
| 6:16 | Create | Villager (Male) |
| 6:20 | Create | Villager (Male) |
| 6:20 | Create | Villager (Male) |
| 6:42 | Create | Villager (Male) |
| 6:42 | Create | Villager (Male) |
| 7:22 | Create | Villager (Male) |
| 7:22 | Create | Villager (Male) |
| 7:23 | Create | Villager (Male) |
| 7:24 | Create | Villager (Male) |
| 7:43 | Create | Fishing Ship |
| 7:43 | Create | Fishing Ship |
| 8:35 | Create | Fishing Ship |
| 8:36 | Create | Fishing Ship |
| 8:43 | Create | Villager (Male) |
| 8:44 | Create | Villager (Male) |
| 8:44 | Create | Villager (Male) |
| 9:26 | Create | Villager (Male) |
| 9:26 | Create | Villager (Male) |
| 9:26 | Create | Villager (Male) |
| 9:27 | Create | Villager (Male) |
| 9:27 | Create | Villager (Male) |
| 9:51 | Build | House |
| 10:06 | Create | Villager (Male) |
| 10:38 | Create | Fishing Ship |
| 10:38 | Create | Fishing Ship |
| 10:41 | Create | Villager (Male) |
| 10:41 | Create | Villager (Male) |
| 11:15 | Create | Villager (Male) |
| 11:15 | Create | Villager (Male) |
| 11:18 | Create | Fishing Ship |
| 11:19 | Create | Fishing Ship |
| 11:21 | Build | House |
| 12:08 | Create | Fishing Ship |
| 12:09 | Create | Fishing Ship |
| 12:14 | Build | House |
| 12:48 | Build | Mill |
| 13:17 | Research | Feudal Age |
| 14:06 | Build | Barracks |
| 15:29 | Age | Feudal Age |
| 15:30 | Create | Villager (Male) |
| 15:38 | Build | Blacksmith |
| 15:40 | Create | Villager (Male) |
| 16:12 | Create | Villager (Male) |
| 16:13 | Create | Villager (Male) |
| 16:21 | Build | Archery Range |
| 16:46 | Build | House |
| 16:47 | Build | House |
| 17:12 | Research | Castle Age |
| 17:12 | Research | Castle Age |
| 17:16 | Build | Lumber Camp |
| 17:19 | Create | Archer |
| 17:19 | Create | Archer |
| 17:38 | Research | Horse Collar |
| 17:38 | Research | Horse Collar |
| 17:57 | Research | Double-Bit Axe |
| 17:59 | Create | Archer |
| 17:59 | Create | Archer |
| 19:01 | Create | Skirmisher |
| 19:01 | Create | Skirmisher |
| 19:02 | Create | Skirmisher |
| 19:15 | Build | Archery Range |
| 19:26 | Build | Watch Tower |
| 19:39 | Research | Padded Archer Armor |
| 19:40 | Research | Fletching |
| 19:52 | Age | Castle Age |
| 20:10 | Create | Villager (Male) |
| 20:29 | Research | Elite Skirmisher (upgrade) |
| 20:32 | Create | Skirmisher ×2 |
| 20:32 | Create | Skirmisher ×2 |
| 20:51 | Create | Skirmisher ×2 |
| 21:30 | Create | Villager (Male) |
| 21:31 | Create | Villager (Male) |
| 21:31 | Create | Villager (Male) |
| 21:48 | Build | Mining Camp |
| 21:56 | Create | Archer ×5 |
| 22:59 | Build | House |
| 22:59 | Build | House |
| 23:02 | Build | Town Center |
| 23:16 | Build | House |
| 23:17 | Build | House |
| 23:21 | Build | Farm |
| 23:23 | Build | Farm |
| 24:43 | Build | Farm |
| 24:44 | Build | Farm |
| 24:46 | Build | Farm |
| 25:07 | Build | Farm |
| 25:53 | Create | Villager (Male) |
| 25:57 | Build | Farm |
| 26:00 | Build | Farm |
| 26:02 | Create | Villager (Male) |
| 26:02 | Create | Villager (Male) |
| 26:29 | Create | Villager (Male) |
| 26:44 | Build | Farm |
| 26:52 | Create | Villager (Male) |
| 26:52 | Create | Villager (Male) |
| 27:11 | Research | Bodkin Arrow |
| 27:11 | Research | Bodkin Arrow |
| 27:22 | Create | Villager (Male) |
| 27:22 | Create | Villager (Male) |
| 27:33 | Build | Farm |
| 27:34 | Build | Farm |
| 27:35 | Build | Farm |
| 27:44 | Build | Farm |
| 27:59 | Create | Villager (Male) |
| 28:02 | Build | Farm |
| 28:25 | Build | Farm |
| 28:43 | Build | House |
| 28:49 | Research | Crossbowman (upgrade) |
| 28:50 | Research | Crossbowman (upgrade) |
| 28:52 | Create | Villager (Male) |
| 28:52 | Create | Villager (Male) |
| 28:52 | Create | Villager (Male) |
| 29:17 | Research | Wheelbarrow |
| 29:48 | Build | Castle |
| 29:56 | Create | Villager (Male) |
| 29:56 | Create | Villager (Male) |
| 29:56 | Create | Villager (Male) |
| 30:01 | Create | Villager (Male) |
| 30:02 | Create | Villager (Male) |
| 31:38 | Create | Villager (Male) |
| 31:38 | Create | Villager (Male) |
| 31:49 | Build | Siege Workshop |
| 31:54 | Create | Villager (Male) |
| 31:55 | Create | Villager (Male) |
| 31:55 | Create | Villager (Male) |
| 32:20 | Build | House |
| 32:42 | Create | Mangonel |
| 32:43 | Create | Mangonel |
| 32:46 | Create | Villager (Male) |
| 32:46 | Create | Villager (Male) |
| 33:15 | Create | Archer ×5 |
| 33:15 | Create | Archer ×5 |
| 33:15 | Create | Archer ×5 |
| 33:20 | Create | Villager (Male) |
| 33:20 | Create | Villager (Male) |
| 33:25 | Build | House |
Build order — Jam Donut
First 150 of 450 actions detected
| 0:05 | Build | Town Center |
| 0:51 | Build | Dock |
| 0:54 | Build | House |
| 1:52 | Build | House |
| 2:07 | Build | House |
| 2:21 | Build | House |
| 2:43 | Create | Villager (Male) |
| 2:43 | Create | Villager (Male) |
| 2:44 | Create | Villager (Male) |
| 2:44 | Create | Villager (Male) |
| 2:44 | Create | Villager (Male) |
| 4:03 | Create | Villager (Male) |
| 4:03 | Create | Villager (Male) |
| 4:08 | Create | Villager (Male) |
| 4:08 | Create | Villager (Male) |
| 4:26 | Create | Villager (Male) |
| 4:26 | Create | Villager (Male) |
| 4:35 | Build | House |
| 5:33 | Create | Villager (Male) |
| 5:33 | Create | Villager (Male) |
| 5:33 | Create | Villager (Male) |
| 5:33 | Create | Villager (Male) |
| 5:59 | Create | Villager (Male) |
| 6:04 | Build | House |
| 6:08 | Build | House |
| 6:18 | Build | House |
| 6:28 | Build | House |
| 6:38 | Build | House |
| 6:42 | Build | House |
| 6:54 | Create | Fishing Ship |
| 6:55 | Create | Fishing Ship |
| 7:02 | Research | Loom |
| 7:36 | Create | Fishing Ship |
| 7:41 | Build | House |
| 7:52 | Build | House |
| 7:57 | Build | House |
| 8:03 | Create | Villager (Male) |
| 8:03 | Create | Villager (Male) |
| 8:28 | Create | Villager (Male) |
| 9:16 | Create | Villager (Male) |
| 9:17 | Create | Villager (Male) |
| 9:18 | Create | Fishing Ship |
| 9:18 | Create | Fishing Ship |
| 9:55 | Build | Barracks |
| 10:00 | Create | Villager (Male) |
| 10:29 | Build | Mining Camp |
| 10:29 | Create | Villager (Male) |
| 10:45 | Build | House |
| 10:57 | Create | Villager (Male) |
| 11:15 | Build | House |
| 11:27 | Build | House |
| 11:33 | Create | Villager (Male) |
| 11:37 | Build | House |
| 11:52 | Build | House |
| 11:55 | Build | House |
| 12:09 | Create | Villager (Male) |
| 12:34 | Build | House |
| 12:43 | Create | Fishing Ship |
| 12:43 | Create | Fishing Ship |
| 13:13 | Research | Feudal Age |
| 13:18 | Build | House |
| 13:38 | Build | Lumber Camp |
| 13:52 | Build | House |
| 13:55 | Build | Palisade Wall |
| 14:00 | Create | Villager (Male) |
| 14:04 | Build | Lumber Camp |
| 14:08 | Create | Fishing Ship |
| 14:31 | Age | Feudal Age |
| 14:40 | Build | Stone Wall |
| 14:43 | Create | Villager (Male) |
| 14:57 | Build | Archery Range |
| 15:02 | Create | Villager (Male) |
| 15:07 | Research | Double-Bit Axe |
| 15:28 | Create | Villager (Male) |
| 15:47 | Build | Archery Range |
| 15:56 | Create | Archer |
| 15:57 | Create | Villager (Male) |
| 16:12 | Create | Archer |
| 16:24 | Build | Blacksmith |
| 16:25 | Build | House |
| 16:32 | Create | Villager (Male) |
| 16:34 | Create | Archer |
| 16:43 | Build | House |
| 16:49 | Create | Villager (Male) |
| 16:51 | Create | Archer |
| 16:52 | Create | Archer |
| 17:06 | Research | Fletching |
| 17:08 | Create | Archer |
| 17:09 | Create | Villager (Male) |
| 17:10 | Create | Villager (Male) |
| 17:25 | Build | Palisade Wall |
| 17:34 | Build | House |
| 17:37 | Create | Archer |
| 17:59 | Build | Mill |
| 18:12 | Create | Archer |
| 18:12 | Create | Archer |
| 18:13 | Create | Villager (Male) |
| 19:04 | Create | Villager (Male) |
| 19:07 | Create | Villager (Male) |
| 19:07 | Create | Villager (Male) |
| 19:09 | Create | Archer |
| 19:09 | Create | Archer |
| 19:09 | Create | Archer |
| 19:10 | Create | Archer |
| 19:33 | Create | Villager (Male) |
| 19:34 | Create | Villager (Male) |
| 19:37 | Build | House |
| 19:52 | Build | Palisade Wall |
| 19:57 | Build | Palisade Wall |
| 20:00 | Create | Archer |
| 20:00 | Create | Archer |
| 20:02 | Create | Villager (Male) |
| 21:07 | Create | Villager (Male) |
| 21:09 | Build | Farm |
| 21:10 | Build | Farm |
| 21:10 | Build | Farm |
| 21:10 | Build | Farm |
| 21:10 | Build | Farm |
| 21:10 | Build | Farm |
| 21:11 | Build | Farm |
| 21:11 | Build | Farm |
| 21:11 | Build | Farm |
| 21:24 | Create | Archer |
| 21:24 | Create | Archer |
| 21:29 | Research | Padded Archer Armor |
| 21:50 | Build | House |
| 22:06 | Build | Market |
| 22:11 | Create | Villager (Male) |
| 22:59 | Research | Castle Age |
| 23:00 | Research | Castle Age |
| 23:01 | Create | Archer |
| 23:02 | Create | Archer |
| 23:20 | Create | Archer |
| 23:20 | Create | Archer |
| 23:48 | Build | House |
| 23:53 | Build | House |
| 24:35 | Age | Castle Age |
| 24:48 | Build | Siege Workshop |
| 25:00 | Research | Crossbowman (upgrade) |
| 25:27 | Build | House |
| 25:29 | Build | House |
| 25:37 | Build | Mining Camp |
| 25:41 | Research | Bodkin Arrow |
| 25:41 | Create | Archer |
| 25:42 | Create | Archer |
| 25:42 | Create | Archer |
| 25:47 | Create | Mangonel |
| 25:51 | Create | Villager (Male) |
| 26:04 | Build | Lumber Camp |
| 26:08 | Create | Archer |
Build order — DGKR5507
First 150 of 568 actions detected
| 0:12 | Build | Town Center |
| 0:31 | Build | Dock |
| 2:34 | Create | Villager (Male) |
| 2:34 | Create | Villager (Male) |
| 2:34 | Create | Villager (Male) |
| 2:35 | Create | Villager (Male) |
| 2:35 | Create | Villager (Male) |
| 3:10 | Create | Villager (Male) |
| 3:11 | Create | Villager (Male) |
| 3:41 | Create | Fishing Ship |
| 4:19 | Build | House |
| 4:24 | Create | Villager (Male) |
| 4:24 | Create | Villager (Male) |
| 4:53 | Create | Villager (Male) |
| 5:13 | Create | Villager (Male) |
| 5:13 | Create | Villager (Male) |
| 5:35 | Create | Villager (Male) |
| 5:40 | Build | House |
| 5:56 | Create | Villager (Male) |
| 5:57 | Create | Villager (Male) |
| 6:20 | Create | Villager (Male) |
| 6:21 | Create | Fishing Ship |
| 6:21 | Create | Fishing Ship |
| 6:47 | Build | House |
| 6:55 | Create | Villager (Male) |
| 6:55 | Create | Villager (Male) |
| 6:57 | Build | House |
| 7:03 | Create | Villager (Male) |
| 7:03 | Create | Villager (Male) |
| 7:37 | Build | House |
| 7:40 | Create | Villager (Male) |
| 7:40 | Create | Villager (Male) |
| 8:04 | Create | Fishing Ship |
| 8:04 | Create | Fishing Ship |
| 8:14 | Create | Villager (Male) |
| 8:24 | Build | Mining Camp |
| 8:26 | Create | Villager (Male) |
| 8:27 | Create | Villager (Male) |
| 9:12 | Create | Fishing Ship |
| 9:13 | Create | Fishing Ship |
| 9:28 | Create | Villager (Male) |
| 9:35 | Build | Mill |
| 9:50 | Create | Villager (Male) |
| 10:19 | Create | Villager (Male) |
| 10:25 | Build | Dock |
| 11:02 | Research | Feudal Age |
| 11:03 | Research | Feudal Age |
| 11:22 | Build | Lumber Camp |
| 12:11 | Build | Dock |
| 12:20 | Create | Villager (Male) |
| 12:35 | Research | Loom |
| 12:38 | Create | Villager (Male) |
| 13:12 | Age | Feudal Age |
| 13:14 | Create | Unit 2626 |
| 13:15 | Create | Fire Galley |
| 13:15 | Create | Villager (Male) |
| 13:16 | Create | Villager (Male) |
| 13:18 | Research | Double-Bit Axe |
| 13:18 | Research | Double-Bit Axe |
| 13:25 | Build | Market |
| 13:36 | Create | Villager (Male) |
| 13:41 | Build | Blacksmith |
| 13:57 | Create | Fire Galley |
| 14:03 | Create | Villager (Male) |
| 14:28 | Build | House |
| 14:34 | Create | Unit 2626 |
| 14:35 | Create | Fire Galley |
| 14:37 | Build | House |
| 14:47 | Create | Villager (Male) |
| 14:58 | Build | House |
| 15:03 | Create | Fire Galley |
| 15:40 | Create | Unit 2626 |
| 15:41 | Create | Fire Galley |
| 15:42 | Create | Villager (Male) |
| 15:45 | Build | House |
| 16:31 | Create | Villager (Male) |
| 16:48 | Create | Unit 2626 |
| 17:03 | Build | Farm |
| 17:12 | Research | Castle Age |
| 17:56 | Research | Tech 906 |
| 17:56 | Research | Tech 906 |
| 17:57 | Research | Tech 906 |
| 17:58 | Create | Fishing Ship |
| 17:58 | Create | Fishing Ship |
| 17:58 | Create | Fishing Ship |
| 18:05 | Create | Fishing Ship |
| 18:06 | Create | Fishing Ship |
| 18:21 | Build | Farm |
| 18:44 | Create | Fishing Ship |
| 18:44 | Create | Fishing Ship |
| 18:45 | Create | Fishing Ship |
| 19:01 | Build | Dock |
| 19:10 | Build | Lumber Camp |
| 19:13 | Research | Horse Collar |
| 19:13 | Research | Horse Collar |
| 19:15 | Create | Villager (Male) |
| 19:16 | Create | Fishing Ship |
| 19:16 | Create | Fishing Ship |
| 19:17 | Create | Fishing Ship |
| 19:40 | Build | Dock |
| 19:42 | Create | Villager (Male) |
| 19:52 | Age | Castle Age |
| 20:06 | Research | War Galley (upgrade) |
| 20:07 | Research | War Galley (upgrade) |
| 20:08 | Create | Villager (Male) |
| 20:08 | Create | Villager (Male) |
| 20:08 | Create | Villager (Male) |
| 20:19 | Research | Gillnets |
| 20:19 | Research | Gillnets |
| 20:43 | Build | Town Center |
| 21:13 | Create | Fishing Ship |
| 21:13 | Create | Fishing Ship |
| 21:13 | Create | Villager (Male) |
| 21:14 | Create | Villager (Male) |
| 21:15 | Create | Villager (Male) |
| 21:44 | Create | Villager (Male) |
| 21:52 | Research | Bow Saw |
| 21:52 | Research | Bow Saw |
| 22:13 | Create | Villager (Male) |
| 22:17 | Create | Villager (Male) |
| 22:18 | Create | Villager (Male) |
| 22:27 | Create | Villager (Male) |
| 22:30 | Build | Town Center |
| 22:32 | Create | Villager (Male) |
| 22:51 | Build | Farm |
| 22:52 | Create | Villager (Male) |
| 22:53 | Create | Villager (Male) |
| 23:07 | Build | Farm |
| 23:08 | Build | Farm |
| 23:09 | Create | Villager (Male) |
| 23:11 | Create | Villager (Male) |
| 23:28 | Build | Farm |
| 23:29 | Build | Farm |
| 23:30 | Build | Farm |
| 23:33 | Create | Villager (Male) |
| 23:43 | Create | Unit 2626 |
| 23:43 | Create | Unit 2626 |
| 23:54 | Research | Heavy Plow |
| 23:54 | Research | Heavy Plow |
| 23:57 | Build | Farm |
| 23:57 | Create | Villager (Male) |
| 23:58 | Create | Villager (Male) |
| 23:58 | Create | Villager (Male) |
| 24:15 | Create | Villager (Male) |
| 24:15 | Create | Villager (Male) |
| 24:29 | Create | Villager (Male) |
| 24:33 | Build | Monastery |
| 24:40 | Build | Siege Workshop |
| 24:40 | Create | Villager (Male) |
| 24:41 | Create | Villager (Male) |
Build order — le Nain Becile
First 150 of 367 actions detected
| 0:12 | Build | House |
| 0:16 | Build | Town Center |
| 1:41 | Build | Dock |
| 2:18 | Build | House |
| 2:38 | Create | Villager (Male) |
| 2:38 | Create | Villager (Male) |
| 2:39 | Create | Villager (Male) |
| 2:39 | Create | Villager (Male) |
| 3:54 | Research | Loom |
| 4:07 | Build | House |
| 4:38 | Create | Fishing Ship |
| 4:40 | Create | Villager (Male) |
| 5:14 | Create | Villager (Male) |
| 5:51 | Create | Fishing Ship |
| 5:55 | Create | Villager (Male) |
| 6:36 | Create | Villager (Male) |
| 6:38 | Create | Fishing Ship |
| 7:01 | Create | Fishing Ship |
| 7:14 | Create | Villager (Male) |
| 7:15 | Create | Villager (Male) |
| 7:29 | Build | Palisade Wall |
| 7:32 | Build | Palisade Wall |
| 7:42 | Create | Villager (Male) |
| 7:43 | Create | Fishing Ship |
| 8:04 | Create | Villager (Male) |
| 8:05 | Create | Fishing Ship |
| 8:19 | Build | House |
| 8:28 | Create | Villager (Male) |
| 8:56 | Build | House |
| 8:59 | Create | Villager (Male) |
| 9:11 | Create | Fishing Ship |
| 9:19 | Create | Villager (Male) |
| 9:53 | Create | Villager (Male) |
| 10:09 | Create | Villager (Male) |
| 10:17 | Build | Mining Camp |
| 10:52 | Research | Feudal Age |
| 11:13 | Build | Mill |
| 11:41 | Build | House |
| 11:45 | Build | Palisade Wall |
| 12:11 | Create | Villager (Male) |
| 12:29 | Build | Outpost |
| 12:32 | Create | Villager (Male) |
| 13:02 | Age | Feudal Age |
| 13:02 | Build | Palisade Wall |
| 13:04 | Build | Palisade Wall |
| 13:09 | Build | Watch Tower |
| 13:23 | Build | Palisade Wall |
| 13:24 | Build | Palisade Wall |
| 13:32 | Create | Villager (Male) |
| 13:33 | Research | Town Watch |
| 13:37 | Create | Villager (Male) |
| 13:50 | Build | Blacksmith |
| 13:56 | Build | Market |
| 14:01 | Build | House |
| 14:04 | Build | Palisade Wall |
| 14:07 | Build | Palisade Wall |
| 14:09 | Build | Palisade Wall |
| 14:13 | Build | Palisade Wall |
| 14:35 | Build | Palisade Wall |
| 14:49 | Build | Watch Tower |
| 14:51 | Create | Villager (Male) |
| 14:56 | Build | House |
| 15:09 | Create | Villager (Male) |
| 15:19 | Build | Palisade Wall |
| 15:21 | Build | Palisade Wall |
| 15:29 | Build | Palisade Wall |
| 15:55 | Build | Palisade Wall |
| 16:00 | Build | House |
| 16:06 | Build | Palisade Wall |
| 16:15 | Create | Villager (Male) |
| 16:20 | Build | House |
| 16:34 | Build | Watch Tower |
| 16:54 | Create | Villager (Male) |
| 16:57 | Research | Fletching |
| 18:06 | Build | Mining Camp |
| 18:27 | Create | Villager (Male) |
| 18:27 | Create | Villager (Male) |
| 18:33 | Create | Villager (Male) |
| 18:43 | Create | Villager (Male) |
| 19:36 | Create | Villager (Male) |
| 19:36 | Create | Villager (Male) |
| 19:57 | Create | Villager (Male) |
| 19:59 | Create | Villager (Male) |
| 20:13 | Create | Villager (Male) |
| 20:20 | Build | Mill |
| 20:21 | Build | Farm |
| 20:21 | Build | Farm |
| 20:21 | Build | Farm |
| 20:22 | Build | Farm |
| 20:28 | Build | Watch Tower |
| 20:51 | Create | Villager (Male) |
| 20:51 | Create | Villager (Male) |
| 20:55 | Build | Farm |
| 20:56 | Build | Farm |
| 20:56 | Build | Farm |
| 20:56 | Build | Farm |
| 20:57 | Build | Farm |
| 20:58 | Create | Villager (Male) |
| 21:15 | Build | Watch Tower |
| 21:43 | Build | Farm |
| 22:16 | Build | Watch Tower |
| 22:55 | Build | Mining Camp |
| 22:57 | Create | Villager (Male) |
| 23:04 | Create | Villager (Male) |
| 23:24 | Build | Mill |
| 23:35 | Create | Villager (Male) |
| 23:53 | Create | Villager (Male) |
| 24:14 | Build | Watch Tower |
| 24:32 | Build | Watch Tower |
| 24:41 | Create | Villager (Male) |
| 24:42 | Create | Villager (Male) |
| 25:06 | Create | Villager (Male) |
| 25:23 | Create | Villager (Male) |
| 26:12 | Create | Villager (Male) |
| 26:42 | Build | House |
| 26:43 | Create | Villager (Male) |
| 26:46 | Build | House |
| 26:48 | Create | Villager (Male) |
| 26:51 | Build | Palisade Wall |
| 26:53 | Create | Villager (Male) |
| 27:27 | Build | House |
| 27:36 | Research | Castle Age |
| 28:19 | Build | Watch Tower |
| 28:21 | Create | Villager (Male) |
| 29:10 | Build | Palisade Wall |
| 29:12 | Build | Stone Wall |
| 29:13 | Build | Stone Wall |
| 29:13 | Build | Stone Wall |
| 30:02 | Create | Villager (Male) |
| 30:16 | Create | Villager (Male) |
| 30:16 | Create | Villager (Male) |
| 30:17 | Age | Castle Age |
| 30:26 | Build | Castle |
| 31:01 | Build | Siege Workshop |
| 31:04 | Research | Bodkin Arrow |
| 31:54 | Create | Battering Ram |
| 31:54 | Create | Battering Ram |
| 32:09 | Build | Town Center |
| 32:17 | Build | Town Center |
| 32:17 | Create | Villager (Male) |
| 32:18 | Create | Villager (Male) |
| 32:18 | Create | Villager (Male) |
| 32:24 | Research | Wheelbarrow |
| 32:28 | Build | Lumber Camp |
| 32:42 | Create | Villager (Male) |
| 32:42 | Create | Villager (Male) |
| 32:46 | Create | Battering Ram |
| 32:54 | Create | Villager (Male) |
| 33:10 | Create | Villager (Male) |
| 33:11 | Create | Villager (Male) |
Build order — 大折跃
First 150 of 386 actions detected
| 1:07 | Build | House |
| 1:12 | Build | House |
| 2:16 | Build | Town Center |
| 3:00 | Build | Dock |
| 4:35 | Create | Villager (Male) |
| 4:35 | Create | Villager (Male) |
| 4:35 | Create | Villager (Male) |
| 5:33 | Create | Villager (Male) |
| 5:33 | Create | Villager (Male) |
| 5:54 | Create | Villager (Male) |
| 6:24 | Create | Villager (Male) |
| 6:38 | Create | Villager (Male) |
| 6:51 | Create | Villager (Male) |
| 7:55 | Create | Villager (Male) |
| 7:55 | Create | Villager (Male) |
| 7:55 | Create | Villager (Male) |
| 7:55 | Create | Villager (Male) |
| 7:56 | Create | Villager (Male) |
| 8:14 | Create | Fishing Ship |
| 8:55 | Build | House |
| 9:17 | Create | Villager (Male) |
| 9:17 | Create | Villager (Male) |
| 9:19 | Create | Fishing Ship |
| 9:20 | Create | Fishing Ship |
| 9:46 | Create | Villager (Male) |
| 9:47 | Create | Villager (Male) |
| 9:55 | Create | Fishing Ship |
| 10:08 | Build | House |
| 10:10 | Build | House |
| 10:13 | Research | Loom |
| 10:15 | Create | Villager (Male) |
| 10:53 | Create | Villager (Male) |
| 10:54 | Create | Villager (Male) |
| 11:15 | Build | Mill |
| 11:34 | Create | Villager (Male) |
| 11:35 | Create | Villager (Male) |
| 11:35 | Create | Villager (Male) |
| 11:37 | Create | Fishing Ship |
| 11:46 | Research | Feudal Age |
| 11:46 | Research | Feudal Age |
| 12:08 | Build | Lumber Camp |
| 12:14 | Create | Villager (Male) |
| 12:15 | Create | Villager (Male) |
| 12:32 | Create | Fishing Ship |
| 13:39 | Build | Mining Camp |
| 14:12 | Age | Feudal Age |
| 14:15 | Research | Double-Bit Axe |
| 14:16 | Research | Horse Collar |
| 14:30 | Build | Barracks |
| 14:47 | Create | Villager (Male) |
| 14:47 | Create | Villager (Male) |
| 14:53 | Build | House |
| 14:55 | Build | House |
| 15:24 | Create | Villager (Male) |
| 15:24 | Create | Villager (Male) |
| 16:13 | Create | Villager (Male) |
| 16:20 | Build | Watch Tower |
| 16:38 | Create | Villager (Male) |
| 16:38 | Create | Villager (Male) |
| 16:47 | Build | Archery Range |
| 16:50 | Build | Archery Range |
| 17:59 | Create | Villager (Male) |
| 17:59 | Create | Villager (Male) |
| 18:03 | Build | Mining Camp |
| 18:23 | Build | Blacksmith |
| 18:26 | Build | House |
| 18:31 | Create | Archer |
| 18:31 | Create | Archer |
| 18:32 | Create | Villager (Male) |
| 18:32 | Create | Villager (Male) |
| 19:06 | Research | Fletching |
| 19:08 | Create | Archer |
| 19:08 | Create | Archer |
| 19:30 | Create | Villager (Male) |
| 19:31 | Research | Castle Age |
| 19:34 | Create | Archer |
| 19:35 | Create | Archer |
| 19:48 | Build | Farm |
| 19:48 | Build | Farm |
| 19:48 | Build | Farm |
| 20:04 | Create | Villager (Male) |
| 20:04 | Create | Villager (Male) |
| 20:26 | Build | Watch Tower |
| 20:51 | Create | Archer |
| 20:51 | Create | Archer |
| 20:57 | Create | Archer |
| 20:57 | Create | Archer |
| 20:58 | Create | Villager (Male) |
| 21:03 | Build | House |
| 21:03 | Build | House |
| 21:06 | Build | Palisade Wall |
| 21:53 | Build | Watch Tower |
| 21:54 | Create | Villager (Male) |
| 21:54 | Create | Villager (Male) |
| 21:59 | Create | Villager (Male) |
| 22:00 | Create | Villager (Male) |
| 22:11 | Create | Villager (Male) |
| 22:11 | Create | Villager (Male) |
| 22:19 | Age | Castle Age |
| 22:22 | Research | Bodkin Arrow |
| 22:26 | Create | Archer |
| 22:26 | Create | Archer |
| 22:42 | Create | Villager (Male) |
| 23:17 | Research | Crossbowman (upgrade) |
| 23:18 | Research | Thumb Ring |
| 23:19 | Create | Villager (Male) |
| 23:19 | Create | Villager (Male) |
| 23:22 | Research | Wheelbarrow |
| 23:23 | Create | Villager (Male) |
| 23:36 | Build | Town Center |
| 23:54 | Build | Siege Workshop |
| 24:33 | Create | Archer |
| 24:33 | Create | Archer |
| 24:33 | Create | Archer |
| 24:34 | Create | Villager (Male) |
| 24:34 | Create | Villager (Male) |
| 24:45 | Create | Archer |
| 24:45 | Create | Archer |
| 24:49 | Build | Siege Workshop |
| 24:58 | Create | Villager (Male) |
| 24:59 | Create | Villager (Male) |
| 25:05 | Create | Archer |
| 25:06 | Create | Archer |
| 25:22 | Create | Villager (Male) |
| 25:35 | Research | Bow Saw |
| 25:35 | Research | Bow Saw |
| 25:40 | Create | Villager (Male) |
| 25:41 | Create | Villager (Male) |
| 25:45 | Create | Archer |
| 25:45 | Create | Archer |
| 26:01 | Create | Mangonel |
| 26:01 | Create | Mangonel |
| 26:08 | Create | Archer |
| 26:09 | Create | Archer |
| 26:09 | Create | Villager (Male) |
| 26:10 | Create | Villager (Male) |
| 26:39 | Create | Archer |
| 26:39 | Create | Archer |
| 26:39 | Create | Villager (Male) |
| 26:47 | Create | Archer |
| 26:47 | Create | Archer |
| 27:01 | Create | Villager (Male) |
| 27:08 | Create | Villager (Male) |
| 27:08 | Create | Villager (Male) |
| 27:31 | Create | Archer |
| 27:31 | Create | Archer |
| 27:32 | Create | Villager (Male) |
| 27:36 | Build | House |
| 27:42 | Build | House |
| 27:45 | Build | House |
Build order — 绾璆丶
First 150 of 187 actions detected
| 0:54 | Build | Town Center |
| 3:01 | Build | House |
| 3:08 | Create | Villager (Male) |
| 3:08 | Create | Villager (Male) |
| 3:09 | Create | Villager (Male) |
| 3:09 | Create | Villager (Male) |
| 3:20 | Build | House |
| 4:20 | Create | Villager (Male) |
| 4:38 | Create | Villager (Male) |
| 5:13 | Create | Villager (Male) |
| 5:17 | Create | Villager (Male) |
| 5:52 | Create | Villager (Male) |
| 6:21 | Create | Villager (Male) |
| 6:32 | Build | Mill |
| 6:41 | Create | Villager (Male) |
| 6:41 | Create | Villager (Male) |
| 7:30 | Build | House |
| 7:44 | Create | Villager (Male) |
| 8:00 | Create | Villager (Male) |
| 8:41 | Build | Farm |
| 8:41 | Build | Farm |
| 8:43 | Build | Farm |
| 8:48 | Create | Villager (Male) |
| 9:00 | Create | Villager (Male) |
| 9:09 | Build | House |
| 9:10 | Build | House |
| 9:16 | Create | Villager (Male) |
| 9:35 | Create | Villager (Male) |
| 9:57 | Build | Farm |
| 10:00 | Create | Villager (Male) |
| 10:27 | Create | Villager (Male) |
| 10:46 | Create | Villager (Male) |
| 10:59 | Build | Barracks |
| 11:02 | Create | Villager (Male) |
| 11:36 | Build | Palisade Gate |
| 11:39 | Create | Villager (Male) |
| 11:56 | Research | Feudal Age |
| 11:56 | Research | Feudal Age |
| 12:30 | Build | Mining Camp |
| 12:36 | Build | Palisade Wall |
| 12:41 | Create | Villager (Male) |
| 12:58 | Build | House |
| 13:00 | Build | House |
| 13:02 | Create | Villager (Male) |
| 13:28 | Create | Villager (Male) |
| 13:45 | Create | Villager (Male) |
| 14:06 | Age | Feudal Age |
| 14:15 | Build | Watch Tower |
| 14:27 | Build | Lumber Camp |
| 14:51 | Build | Archery Range |
| 15:03 | Build | Lumber Camp |
| 15:23 | Build | Mining Camp |
| 15:28 | Research | Loom |
| 15:37 | Create | Archer |
| 15:38 | Create | Archer |
| 16:25 | Build | Watch Tower |
| 16:42 | Build | Palisade Gate |
| 16:54 | Create | Villager (Male) |
| 16:55 | Create | Villager (Male) |
| 16:57 | Create | Villager (Male) |
| 17:54 | Build | Watch Tower |
| 18:00 | Create | Archer |
| 18:00 | Create | Archer |
| 18:01 | Create | Archer |
| 18:23 | Create | Archer |
| 18:29 | Create | Villager (Male) |
| 18:30 | Create | Villager (Male) |
| 18:36 | Build | Mining Camp |
| 18:38 | Research | Double-Bit Axe |
| 19:23 | Create | Villager (Male) |
| 19:23 | Create | Villager (Male) |
| 19:35 | Build | Blacksmith |
| 19:42 | Build | Market |
| 20:26 | Build | Watch Tower |
| 21:13 | Create | Villager (Male) |
| 21:16 | Create | Villager (Male) |
| 21:17 | Create | Villager (Male) |
| 21:33 | Build | Gate |
| 22:23 | Create | Villager (Male) |
| 22:30 | Build | House |
| 22:35 | Build | Farm |
| 22:46 | Build | Farm |
| 22:53 | Build | Farm |
| 22:58 | Build | Farm |
| 23:00 | Create | Villager (Male) |
| 23:41 | Create | Villager (Male) |
| 23:41 | Create | Villager (Male) |
| 23:52 | Build | Mill |
| 25:12 | Build | Archery Range |
| 25:13 | Build | Archery Range |
| 25:20 | Research | Fletching |
| 25:21 | Research | Padded Archer Armor |
| 25:23 | Create | Villager (Male) |
| 25:23 | Create | Villager (Male) |
| 25:29 | Build | Farm |
| 25:29 | Build | Farm |
| 25:29 | Build | Farm |
| 25:29 | Build | Farm |
| 25:30 | Build | Farm |
| 25:31 | Build | Farm |
| 25:32 | Build | Farm |
| 25:47 | Create | Villager (Male) |
| 25:59 | Build | House |
| 26:39 | Create | Spearman |
| 26:40 | Create | Spearman |
| 27:27 | Research | Castle Age |
| 28:07 | Build | Stone Wall |
| 30:07 | Age | Castle Age |
| 30:11 | Build | Town Center |
| 30:18 | Create | Villager (Male) |
| 30:49 | Build | Castle |
| 31:42 | Build | House |
| 32:31 | Create | Villager (Male) |
| 32:31 | Create | Villager (Male) |
| 32:32 | Create | Villager (Male) |
| 32:32 | Create | Villager (Male) |
| 32:32 | Create | Villager (Male) |
| 32:33 | Create | Villager (Male) |
| 32:50 | Create | Villager (Male) |
| 32:59 | Create | Villager (Male) |
| 33:13 | Research | Bow Saw |
| 33:15 | Create | Villager (Male) |
| 33:16 | Create | Villager (Male) |
| 34:06 | Create | Villager (Male) |
| 34:30 | Create | Villager (Male) |
| 34:32 | Build | Farm |
| 34:33 | Build | Farm |
| 34:33 | Build | Farm |
| 34:33 | Build | Farm |
| 34:34 | Build | Farm |
| 34:34 | Build | Farm |
| 34:34 | Build | Farm |
| 34:40 | Build | Mill |
| 34:41 | Create | Villager (Male) |
| 35:11 | Build | Mining Camp |
| 35:20 | Build | Stable |
| 35:23 | Research | Horse Collar |
| 35:28 | Build | Lumber Camp |
| 36:34 | Create | Villager (Male) |
| 36:42 | Build | Stable |
| 36:44 | Build | Stable |
| 36:44 | Build | Stable |
| 36:46 | Create | Villager (Male) |
| 36:47 | Create | Villager (Male) |
| 36:52 | Build | Farm |
| 36:52 | Build | Farm |
| 37:08 | Build | Dock |
| 37:27 | Create | Villager (Male) |
| 37:28 | Create | Villager (Male) |
| 37:30 | Research | Stone Mining |
Build order — Titan
First 150 of 441 actions detected
| 0:15 | Build | Town Center |
| 0:30 | Build | House |
| 1:02 | Build | Dock |
| 1:34 | Build | Palisade Wall |
| 1:36 | Build | Palisade Wall |
| 1:38 | Build | Palisade Wall |
| 2:34 | Create | Villager (Male) |
| 2:34 | Create | Villager (Male) |
| 2:34 | Create | Villager (Male) |
| 2:35 | Create | Villager (Male) |
| 2:35 | Create | Villager (Male) |
| 3:11 | Build | House |
| 3:52 | Create | Villager (Male) |
| 3:53 | Create | Villager (Male) |
| 3:53 | Create | Villager (Male) |
| 4:22 | Create | Fishing Ship |
| 4:23 | Create | Fishing Ship |
| 4:26 | Research | Loom |
| 5:02 | Create | Villager (Male) |
| 5:02 | Create | Villager (Male) |
| 5:03 | Create | Villager (Male) |
| 5:28 | Create | Villager (Male) |
| 5:28 | Create | Villager (Male) |
| 5:28 | Create | Villager (Male) |
| 5:50 | Create | Villager (Male) |
| 5:51 | Create | Villager (Male) |
| 6:03 | Build | House |
| 6:08 | Create | Villager (Male) |
| 6:08 | Create | Villager (Male) |
| 6:09 | Create | Villager (Male) |
| 6:12 | Create | Fishing Ship |
| 6:12 | Create | Fishing Ship |
| 6:12 | Create | Fishing Ship |
| 6:13 | Create | Fishing Ship |
| 6:23 | Create | Villager (Male) |
| 6:23 | Create | Villager (Male) |
| 6:53 | Create | Villager (Male) |
| 6:53 | Create | Villager (Male) |
| 6:54 | Create | Villager (Male) |
| 7:17 | Create | Fishing Ship |
| 7:18 | Create | Fishing Ship |
| 7:32 | Build | House |
| 7:32 | Create | Villager (Male) |
| 7:32 | Create | Villager (Male) |
| 7:33 | Create | Villager (Male) |
| 7:44 | Build | House |
| 8:09 | Create | Fishing Ship |
| 8:09 | Create | Fishing Ship |
| 8:10 | Create | Fishing Ship |
| 8:20 | Create | Villager (Male) |
| 8:52 | Create | Villager (Male) |
| 8:56 | Build | House |
| 9:22 | Create | Villager (Male) |
| 9:25 | Create | Fishing Ship |
| 9:44 | Create | Villager (Male) |
| 10:04 | Build | Mill |
| 10:22 | Create | Villager (Male) |
| 10:22 | Create | Villager (Male) |
| 10:23 | Create | Villager (Male) |
| 10:36 | Build | House |
| 11:09 | Build | Palisade Gate |
| 11:11 | Build | House |
| 11:29 | Build | Mining Camp |
| 11:32 | Create | Villager (Male) |
| 11:53 | Build | House |
| 12:07 | Create | Villager (Male) |
| 12:11 | Research | Feudal Age |
| 12:25 | Build | Palisade Gate |
| 12:26 | Build | House |
| 12:44 | Build | Lumber Camp |
| 13:12 | Build | Palisade Wall |
| 14:05 | Create | Villager (Male) |
| 14:08 | Research | Double-Bit Axe |
| 14:44 | Age | Feudal Age |
| 14:48 | Build | Market |
| 14:53 | Build | Blacksmith |
| 15:08 | Create | Villager (Male) |
| 15:13 | Build | Mining Camp |
| 15:30 | Research | Bow Saw |
| 15:31 | Research | Bow Saw |
| 15:38 | Research | Castle Age |
| 15:39 | Research | Castle Age |
| 15:39 | Research | Castle Age |
| 15:52 | Research | Horse Collar |
| 16:49 | Research | Heavy Plow |
| 16:53 | Research | Gold Mining |
| 16:56 | Research | Wheelbarrow |
| 16:56 | Research | Town Watch |
| 16:57 | Research | Town Watch |
| 16:57 | Research | Town Watch |
| 16:58 | Create | Villager (Male) |
| 16:59 | Create | Villager (Male) |
| 17:54 | Build | Outpost |
| 18:02 | Build | Outpost |
| 18:07 | Build | Outpost |
| 18:18 | Age | Castle Age |
| 18:21 | Build | Town Center |
| 18:46 | Build | House |
| 18:49 | Build | House |
| 18:51 | Build | House |
| 18:55 | Create | Villager (Male) ×5 |
| 18:56 | Create | Villager (Male) ×5 |
| 18:56 | Create | Villager (Male) ×5 |
| 18:56 | Create | Villager (Male) |
| 19:43 | Create | Villager (Male) |
| 19:43 | Create | Villager (Male) |
| 19:55 | Build | Town Center |
| 19:59 | Create | Villager (Male) |
| 19:59 | Create | Villager (Male) |
| 20:37 | Build | Farm |
| 20:49 | Build | Farm |
| 20:57 | Create | Villager (Male) ×5 |
| 21:04 | Build | Farm |
| 21:07 | Build | Farm |
| 21:07 | Create | Villager (Male) |
| 21:08 | Create | Villager (Male) |
| 21:17 | Create | Villager (Male) ×3 |
| 21:17 | Create | Villager (Male) ×3 |
| 21:29 | Create | Villager (Male) ×4 |
| 21:29 | Create | Villager (Male) ×4 |
| 21:31 | Build | House |
| 21:36 | Build | House |
| 21:39 | Create | Villager (Male) |
| 21:40 | Create | Villager (Male) |
| 21:40 | Create | Villager (Male) |
| 21:40 | Create | Villager (Male) |
| 21:41 | Create | Villager (Male) |
| 21:47 | Create | Villager (Male) |
| 21:47 | Create | Villager (Male) |
| 21:47 | Create | Villager (Male) |
| 21:49 | Build | Farm |
| 22:12 | Build | Town Center |
| 22:13 | Create | Villager (Male) ×4 |
| 22:14 | Create | Villager (Male) ×4 |
| 22:16 | Build | Farm |
| 22:21 | Build | Farm |
| 22:35 | Create | Villager (Male) ×2 |
| 22:35 | Create | Villager (Male) ×2 |
| 22:52 | Create | Villager (Male) ×4 |
| 22:52 | Create | Villager (Male) ×4 |
| 22:52 | Create | Villager (Male) ×4 |
| 23:10 | Build | Castle |
| 23:14 | Build | Farm |
| 23:16 | Build | Farm |
| 23:19 | Build | Farm |
| 23:22 | Create | Villager (Male) ×2 |
| 23:23 | Create | Villager (Male) ×2 |
| 23:31 | Build | House |
| 23:34 | Build | House |
| 23:36 | Build | House |
Match timeline
| 0:31 | DGKR5507 · first_building Dock |
| 0:51 | Jam Donut · first_building Dock |
| 1:02 | Titan · first_building Dock |
| 1:30 | Kill Line · first_building Dock |
| 1:34 | Titan · wall_segment Palisade Wall x1 |
| 1:36 | Titan · wall_segment Palisade Wall x1 |
| 1:38 | Titan · wall_segment Palisade Wall x1 |
| 1:41 | le Nain Becile · first_building Dock |
| 3:00 | 大折跃 · first_building Dock |
| 5:50 | TigerBitePig · first_building Dock |
| 7:29 | le Nain Becile · wall_segment Palisade Wall x1 |
| 7:32 | le Nain Becile · wall_segment Palisade Wall x1 |
| 9:55 | Jam Donut · first_building Barracks |
| 10:06 | Kill Line · wall_segment Palisade Wall x1 |
| 10:59 | 绾璆丶 · first_building Barracks |
| 11:45 | le Nain Becile · wall_segment Palisade Wall x1 |
| 12:36 | 绾璆丶 · wall_segment Palisade Wall x1 |
| 12:53 | Kill Line · wall_segment Palisade Wall x1 |
| 13:02 | le Nain Becile · age_up feudal |
| 13:02 | le Nain Becile · wall_segment Palisade Wall x1 |
| 13:04 | le Nain Becile · wall_segment Palisade Wall x1 |
| 13:12 | Titan · wall_segment Palisade Wall x1 |
| 13:12 | DGKR5507 · age_up feudal |
| 13:17 | Kill Line · wall_segment Palisade Wall x1 |
| 13:23 | le Nain Becile · wall_segment Palisade Wall x1 |
| 13:24 | le Nain Becile · wall_segment Palisade Wall x1 |
| 13:26 | Kill Line · wall_segment Palisade Wall x3 |
| 13:47 | Kill Line · age_up feudal |
| 13:55 | Jam Donut · wall_segment Palisade Wall x1 |
| 14:04 | le Nain Becile · wall_segment Palisade Wall x1 |
| 14:06 | TigerBitePig · first_building Barracks |
| 14:06 | 绾璆丶 · age_up feudal |
| 14:07 | le Nain Becile · wall_segment Palisade Wall x1 |
| 14:09 | le Nain Becile · wall_segment Palisade Wall x1 |
| 14:10 | Kill Line · wall_segment Palisade Wall x1 |
| 14:12 | 大折跃 · age_up feudal |
| 14:13 | le Nain Becile · wall_segment Palisade Wall x1 |
| 14:30 | 大折跃 · first_building Barracks |
| 14:31 | Jam Donut · age_up feudal |
| 14:35 | le Nain Becile · wall_segment Palisade Wall x1 |
| 14:40 | Jam Donut · wall_segment Stone Wall x7 |
| 14:44 | Titan · age_up feudal |
| 14:48 | Kill Line · first_building Barracks |
| 14:51 | 绾璆丶 · first_building Archery Range |
| 14:57 | Jam Donut · first_building Archery Range |
| 15:19 | le Nain Becile · wall_segment Palisade Wall x10 |
| 15:21 | le Nain Becile · wall_segment Palisade Wall x4 |
| 15:29 | TigerBitePig · age_up feudal |
| 15:29 | le Nain Becile · wall_segment Palisade Wall x6 |
| 15:55 | le Nain Becile · wall_segment Palisade Wall x1 |
| 15:57 | Kill Line · first_building Stable |
| 16:06 | le Nain Becile · wall_segment Palisade Wall x1 |
| 16:21 | TigerBitePig · first_building Archery Range |
| 16:47 | 大折跃 · first_building Archery Range |
| 17:07 | DGKR5507 · first_market_sell 100 food |
| 17:25 | Jam Donut · wall_segment Palisade Wall x9 |
| 18:18 | Titan · age_up castle |
| 19:43 | Kill Line · age_up castle |
| 19:52 | Jam Donut · wall_segment Palisade Wall x3 |
| 19:52 | TigerBitePig · age_up castle |
| 19:52 | DGKR5507 · age_up castle |
| 19:57 | Jam Donut · wall_segment Palisade Wall x10 |
| 20:10 | le Nain Becile · first_market_buy 100 food |
| 21:06 | 大折跃 · wall_segment Palisade Wall x3 |
| 21:59 | Titan · first_market_buy 100 food |
| 22:19 | 大折跃 · age_up castle |
| 22:49 | Titan · first_market_sell 100 wood |
| 23:10 | Titan · first_building Castle |
| 23:19 | Kill Line · wall_segment Palisade Wall x1 |
| 23:54 | 大折跃 · first_building Siege Workshop |
| 24:33 | DGKR5507 · first_building Monastery |
| 24:35 | Jam Donut · age_up castle |
| 24:40 | DGKR5507 · first_building Siege Workshop |
| 24:48 | Jam Donut · first_building Siege Workshop |
| 25:25 | DGKR5507 · first_building Barracks |
| 25:45 | Jam Donut · first_market_sell 100 wood |
| 26:05 | DGKR5507 · first_building Archery Range |
| 26:49 | Kill Line · wall_segment Palisade Wall x1 |
| 26:51 | le Nain Becile · wall_segment Palisade Wall x1 |
| 27:23 | 绾璆丶 · first_market_buy 100 food |
| 28:07 | 绾璆丶 · wall_segment Stone Wall x17 |
| 28:41 | DGKR5507 · age_up imperial |
| 28:58 | Titan · first_building Siege Workshop |
| 29:10 | le Nain Becile · wall_segment Palisade Wall x1 |
| 29:12 | le Nain Becile · wall_segment Stone Wall x1 |
| 29:13 | le Nain Becile · wall_segment Stone Wall x1 |
| 29:13 | le Nain Becile · wall_segment Stone Wall x1 |
| 29:17 | Kill Line · first_building Siege Workshop |
| 29:48 | TigerBitePig · first_building Castle |
| 30:07 | 绾璆丶 · age_up castle |
| 30:17 | le Nain Becile · age_up castle |
| 30:26 | le Nain Becile · first_building Castle |
| 30:40 | Jam Donut · first_building Castle |
| 30:45 | DGKR5507 · first_building Castle |
| 30:49 | Kill Line · first_building Castle |
| 30:49 | 绾璆丶 · first_building Castle |
| 31:01 | le Nain Becile · first_building Siege Workshop |
| 31:49 | TigerBitePig · first_building Siege Workshop |
| 32:05 | le Nain Becile · first_market_sell 100 food |
| 32:36 | Kill Line · first_building Monastery |
| 33:01 | 大折跃 · wall_segment Stone Wall x8 |
| 34:02 | 大折跃 · first_building Castle |
| 34:31 | Jam Donut · first_market_buy 100 wood |
| 34:35 | Kill Line · wall_segment Stone Wall x2 |
| 35:20 | 绾璆丶 · first_building Stable |
| 37:08 | 绾璆丶 · first_building Dock |
| 37:39 | Kill Line · age_up imperial |
| 37:57 | Titan · first_building Monastery |
| 39:07 | 大折跃 · wall_segment Stone Wall x3 |
| 39:43 | Titan · age_up imperial |
| 46:26 | Kill Line · first_building Archery Range |
| 46:42 | DGKR5507 · tribute_sent a jugador 1 |
| 46:42 | DGKR5507 · tribute_sent a jugador 2 |
| 46:42 | DGKR5507 · tribute_sent a jugador 4 |
| 46:42 | DGKR5507 · tribute_sent a jugador 5 |
| 46:42 | DGKR5507 · tribute_sent a jugador 6 |
| 46:42 | DGKR5507 · tribute_sent a jugador 7 |
| 46:42 | DGKR5507 · tribute_sent a jugador 8 |
| 47:21 | TigerBitePig · age_up imperial |
| 47:30 | DGKR5507 · first_building Stable |
| 51:18 | Jam Donut · age_up imperial |
| 51:45 | 大折跃 · age_up imperial |
| 51:54 | le Nain Becile · tribute_sent a jugador 1 |
| 51:54 | le Nain Becile · tribute_sent a jugador 2 |
| 51:54 | le Nain Becile · tribute_sent a jugador 3 |
| 51:54 | le Nain Becile · tribute_sent a jugador 5 |
| 51:54 | le Nain Becile · tribute_sent a jugador 6 |
| 51:54 | le Nain Becile · tribute_sent a jugador 7 |
| 51:54 | le Nain Becile · tribute_sent a jugador 8 |
| 51:54 | Titan · tribute_sent a jugador 1 |
| 51:54 | Titan · tribute_sent a jugador 2 |
| 51:54 | Titan · tribute_sent a jugador 3 |
| 51:54 | Titan · tribute_sent a jugador 4 |
| 51:54 | Titan · tribute_sent a jugador 5 |
| 51:54 | Titan · tribute_sent a jugador 6 |
| 51:54 | Titan · tribute_sent a jugador 7 |
| 52:00 | Titan · tribute_sent a jugador 1 |
| 52:00 | Titan · tribute_sent a jugador 2 |
| 52:00 | Titan · tribute_sent a jugador 3 |
| 52:00 | Titan · tribute_sent a jugador 4 |
| 52:00 | Titan · tribute_sent a jugador 5 |
| 52:00 | Titan · tribute_sent a jugador 6 |
| 52:00 | Titan · tribute_sent a jugador 7 |
| 52:13 | 绾璆丶 · resign |
| 54:11 | Kill Line · first_market_sell 100 food |
| 55:39 | le Nain Becile · wall_segment Palisade Wall x1 |
[ AI ANALYSIS · 1 CREDIT ]
What really happened in this match?
Wolo.gg analyzes every decision: build order, eco, micro, common mistakes by bracket. Personalized analysis on WhatsApp or Discord in 30 seconds.
Civ guide
Chinese
Perfil
Jugador #17783261